Map: [ESL] Hard Lead

Players

MaSa

  • Race: Terran Terran
  • Spawn Location: 5:00

DisK - Winner!

  • Race: Protoss Protoss
  • Spawn Location: 11:00

Event: ESL SC2 Masters 2023 Winter (Regional)

VOD

Have the link to the VOD?

Description

Time

  • Played on: Oct. 27, 2023, 1:30 p.m.
  • Length: 4:04

All games in this series

Show
View Real Time Build Order
Export as new Build Order

MaSa Terran 

Build Orders: 2 Factory 

Get SALT Encoding   

  12  0:00  SCV  
  13  0:12  SCV  
  14  0:18  Supply Depot  
  14  0:24  SCV  
  15  0:39  SCV  
  15  0:40  Barracks  
  16  0:45  Refinery  
  16  0:50  Refinery  
  16  0:55  SCV  
  17  1:07  SCV  
  18  1:19  SCV  
  19  1:26  Reaper  
  19  1:31  Orbital Command  
  20  1:46  Factory, Supply Depot  
  20  1:58  SCV  
  21  2:12  Factory  
  21  2:13  SCV  
  22  2:19  Barracks Reactor  
  22  2:25  SCV  
  23  2:30  Hellion  
  23  2:31  Supply Depot  
  25  2:37  SCV  
  25  2:40  Armory  
  26  2:49  Supply Depot  
  26  2:58  Hellion  
  27  3:00  Marine x2  
  27  3:01  SCV  
  30  3:17  Marine  
  30  3:27  SCV  
  30  3:32  Command Center  
  30  3:38  Factory Tech Lab  
  28  3:46  SCV  
  28  3:47  Barracks x2  
Show
View Real Time Build Order
Export as new Build Order

DisK Protoss - Winner!

Build Orders: 1 Gate Expand 

Get SALT Encoding   

  12  0:00  Probe  
  13  0:12  Probe  
  14  0:17  Pylon  
  14  0:24  Probe  
  15  0:36  Gateway, Probe (Chrono Boost)  
  16  0:46  Assimilator, Probe (Chrono Boost)  
  17  0:51  Probe (Chrono Boost)  
  18  1:03  Probe  
  19  1:15  Probe  
  20  1:23  Cybernetics Core  
  20  1:27  Zealot  
  22  1:37  Nexus  
  22  1:44  Pylon  
  22  1:47  Probe  
  23  1:55  Assimilator  
  23  1:59  Stalker (Chrono Boost)  
  23  2:04  Probe  
  25  2:10  Warp Gate  
  25  2:16  Probe  
  26  2:28  Probe  
  27  2:36  Stalker (Chrono Boost)  
  27  2:40  Probe  
  30  2:51  Robotics Facility  
  30  2:52  Probe  
  30  2:54  Probe  
  31  2:59  Shield Battery  
  31  3:04  Probe, Stalker  
  34  3:06  Probe  
  34  3:11  Gateway  
  35  3:33  Probe x2 (Chrono Boost)  
  35  3:36  Gateway  
  35  3:45  Probe x2 (Chrono Boost)  
  38  3:52  Probe x2 (Chrono Boost)  
Tags
 
Add a new tag
Caveats
  • Supply blocks, unpowered buildings, or Contaminate may cause inaccurate times.
  • Supply counts are checked every 10 seconds.